Map: [ESL] Data-C

Players

Solar - Winner!

  • Race: Zerg Zerg
  • League: Master
  • Spawn Location: 9:00

Spirit (souL)

  • Race: Terran Terran
  • Spawn Location: 3:00

VOD

Have the link to the VOD?

Description

Time

  • Played on: Oct. 23, 2022, 8:43 p.m.
  • Length: 15:05
Show
View Real Time Build Order
Export as new Build Order

Solar Zerg - Winner!

Build Orders: Hatch First 

Get SALT Encoding   

  12  0:00  Drone  
  13  0:12  Overlord  
  13  0:17  Drone  
  14  0:31  Drone x2  
  16  0:49  Hatchery  
  15  0:51  Drone  
  15  0:55  Drone  
  17  0:58  Drone  
  18  1:10  Extractor  
  17  1:14  Spawning Pool  
  17  1:17  Drone  
  17  1:20  Drone  
  18  1:28  Drone  
  19  1:39  Drone  
  20  1:50  Drone  
  21  2:00  Queen x2  
  25  2:06  Drone x2  
  27  2:13  Overlord  
  27  2:15  Drone  
  27  2:21  Hatchery  
  27  2:25  Zergling x2  
  28  2:33  Drone x2  
  28  2:37  Queen  
  30  2:42  Overlord  
  32  2:45  Metabolic Boost  
  32  2:51  Drone x2  
  34  2:55  Drone x2  
  36  3:04  Drone  
  37  3:05  Drone  
  37  3:11  Drone x3  
  41  3:13  Queen  
  41  3:17  Overlord  
  41  3:19  Drone  
  44  3:33  Queen  
  44  3:34  Zergling x4, Queen  
  48  3:36  Drone  
  48  3:41  Overlord  
  51  3:42  Drone  
  51  3:43  Drone x2  
  51  3:44  Drone  
  51  3:47  Zergling x2  
  56  3:48  Drone  
  56  3:49  Drone  
  56  3:51  Overlord  
  58  4:02  Drone x3  
  61  4:05  Drone  
  61  4:07  Overlord  
  61  4:08  Drone  
  61  4:09  Queen  
  65  4:10  Queen  
  65  4:13  Drone x2  
  65  4:15  Drone  
  70  4:18  Zergling x2  
  70  4:19  Drone x3  
  74  4:24  Extractor  
  74  4:25  Drone x2  
  74  4:26  Evolution Chamber  
  74  4:29  Drone  
  75  4:32  Overlord, Evolution Chamber  
  75  4:33  Drone  
  75  4:38  Spore Crawler, Zergling x2  
  74  4:42  Drone x3  
  74  4:44  Queen  
  74  4:45  Spore Crawler  
  79  4:47  Drone x3  
  82  4:53  Queen  
  82  4:54  Overlord  
  82  4:58  Drone  
  83  5:00  Spore Crawler  
  83  5:04  Zergling x8, Spore Crawler  
  84  5:10  Hatchery  
  84  5:11  Zerg Melee Weapons Level 1  
  84  5:12  Drone  
  84  5:13  Zergling x2  
  84  5:15  Zergling x4  
  84  5:19  Extractor  
  84  5:20  Zerg Ground Armor Level 1  
  84  5:24  Lair  
  84  5:27  Drone x4  
  87  5:28  Drone  
  87  5:31  Drone x2  
  87  5:32  Drone  
  87  5:35  Extractor x2  
  89  5:38  Baneling Nest  
  89  5:39  Overlord  
  89  5:42  Drone x3  
  91  5:44  Drone  
  91  5:48  Drone  
  93  5:50  Overlord  
  93  5:51  Zergling x2  
  93  5:54  Zergling x2  
  93  5:55  Zergling x4  
  97  5:58  Overlord  
  97  6:00  Zergling x4  
  97  6:04  Zergling x8  
  102  6:11  Drone  
  101  6:12  Drone  
  101  6:18  Drone  
  103  6:20  Drone  
  103  6:22  Overseer  
  103  6:24  Drone x2  
  106  6:26  Drone  
  106  6:27  Drone x2  
  106  6:28  Drone  
  110  6:33  Drone  
  110  6:34  Baneling x10  
  110  6:37  Drone  
  112  6:40  Zergling x8, Centrifugal Hooks  
  112  6:45  Drone  
  112  6:46  Overlord  
  116  6:47  Zergling x4  
  116  6:53  Drone  
  119  6:55  Drone  
  119  6:56  Zergling x14  
  119  6:58  Hatchery  
  119  7:00  Overlord  
  127  7:01  Drone  
  127  7:02  Overlord  
  127  7:05  Drone  
  127  7:08  Overlord  
  128  7:09  Zergling x10  
  128  7:14  Zerg Ground Armor Level 2  
  128  7:15  Zerg Melee Weapons Level 2  
  133  7:16  Baneling x2  
  133  7:17  Baneling x2  
  133  7:18  Zergling x8  
  137  7:24  Zergling x12, Infestation Pit  
  137  7:28  Hatchery  
  137  7:29  Overlord  
  142  7:31  Zergling x8  
  142  7:34  Baneling x2  
  142  7:35  Baneling x4, Overlord  
  146  7:39  Overlord  
  146  7:40  Overlord  
  143  7:46  Zergling x2  
  143  7:48  Zergling x2  
  143  7:49  Overlord  
  140  7:53  Zergling x2  
  140  7:54  Zergling x12  
  140  7:55  Zergling x6  
  146  8:00  Baneling x7  
  146  8:01  Baneling  
  146  8:02  Zergling x10  
  146  8:04  Hive  
  151  8:06  Drone x2  
  153  8:13  Baneling  
  153  8:14  Baneling x14  
  153  8:18  Zergling x8  
  156  8:25  Zergling x2  
  150  8:29  Zergling x10  
  150  8:32  Baneling x6  
  156  8:34  Zergling x20  
  156  8:36  Baneling, Extractor  
  156  8:39  Drone  
  156  8:41  Hatchery  
  161  8:48  Zergling x10  
  147  8:55  Extractor  
  147  8:57  Zergling x10  
  134  9:05  Zergling x12  
  134  9:06  Baneling x4  
  134  9:07  Baneling x8  
  133  9:10  Zergling x6  
  133  9:13  Zergling x6  
  135  9:20  Zergling x12  
  139  9:25  Zergling x2  
  139  9:27  Overlord  
  137  9:31  Baneling  
  137  9:32  Baneling x3  
  137  9:34  Zergling x12, Overseer  
  143  9:41  Viper x2  
  143  9:44  Zergling x4  
  151  9:48  Zergling x6  
  151  9:49  Zergling x6, Hydralisk Den  
  151  9:52  Queen  
  151  9:53  Adrenal Glands  
  151  9:54  Zergling x6  
  156  10:02  Drone x3  
  156  10:04  Zergling x4  
  156  10:06  Baneling x3, Extractor  
  160  10:11  Overlord  
  160  10:12  Zergling x4  
  162  10:16  Zergling x14  
  162  10:18  Hatchery  
  162  10:20  Zergling x6  
  162  10:21  Spore Crawler  
  170  10:25  Muscular Augments, Drone  
  170  10:31  Zergling x16  
  178  10:36  Overlord  
  162  10:46  Hydralisk  
  162  10:47  Hydralisk x5  
  173  10:54  Zergling x6  
  166  10:58  Drone  
  166  10:59  Drone  
  166  11:01  Zerg Missile Weapons Level 1  
  166  11:02  Drone x2  
  166  11:03  Drone x2  
  172  11:08  Zergling x2  
  172  11:10  Zerg Ground Armor Level 3  
  173  11:11  Zergling x10  
  173  11:17  Zergling x4  
  180  11:22  Zergling x4  
  182  11:26  Zergling x2, Overseer  
  182  11:32  Zergling x12  
  189  11:35  Baneling  
  189  11:36  Baneling x11  
  189  11:38  Zergling x6  
  191  11:42  Hydralisk x2  
  191  11:45  Zergling x8  
  176  11:54  Zergling x12  
  176  12:01  Zergling x8  
  174  12:03  Drone  
  174  12:07  Drone x2  
  177  12:09  Drone x2  
  177  12:15  Viper x2  
  150  12:18  Zergling x4  
  150  12:19  Hydralisk x2  
  145  12:22  Hydralisk x2  
  145  12:25  Drone  
  145  12:26  Baneling x2  
  145  12:27  Extractor  
  149  12:34  Zergling x2  
  149  12:35  Zergling x8  
  149  12:36  Baneling x2  
  149  12:37  Baneling x7, Drone x3  
  154  12:44  Zergling x10  
  162  12:47  Zergling x4  
  164  12:51  Hatchery  
  164  12:54  Grooved Spines, Hatchery  
  164  12:55  Zergling x20  
  172  13:00  Drone  
  172  13:03  Drone  
  174  13:09  Hydralisk x2  
  174  13:10  Zergling x10  
  174  13:11  Baneling x12  
  183  13:19  Drone x5  
  187  13:20  Baneling x3  
  187  13:21  Baneling x4  
  187  13:23  Zergling x8  
  191  13:28  Zergling x10  
  191  13:30  Zergling x4  
  191  13:32  Zergling x2  
  199  13:45  Overlord x2  
  199  13:46  Overlord  
  173  14:07  Hydralisk x2  
  173  14:08  Zergling x42  
  183  14:10  Pneumatized Carapace  
  183  14:13  Drone  
  183  14:15  Zergling x8  
  188  14:17  Baneling x17  
  188  14:21  Baneling, Lurker Den  
  188  14:22  Baneling x4  
  188  14:23  Drone  
  188  14:29  Zergling x16  
  196  14:33  Zergling x6  
  196  14:35  Baneling x8  
  199  14:41  Baneling x13  
Show
View Real Time Build Order
Export as new Build Order

Spirit Terran 

Build Orders: Command Center First (CC), Hellion Banshee 

Get SALT Encoding   

  12  0:00  SCV  
  13  0:12  SCV  
  14  0:17  Supply Depot  
  14  0:24  SCV  
  15  0:38  SCV  
  16  0:50  SCV  
  17  0:59  Command Center  
  17  1:03  SCV  
  18  1:12  Barracks  
  18  1:16  SCV  
  19  1:22  Refinery  
  19  1:29  SCV  
  19  1:31  Refinery  
  20  1:41  SCV  
  21  1:53  SCV  
  22  2:01  Reaper  
  23  2:05  Orbital Command  
  23  2:11  Orbital Command  
  23  2:14  Supply Depot  
  23  2:23  Factory  
  23  2:32  SCV  
  23  2:35  Barracks Reactor  
  24  2:38  SCV  
  25  2:44  SCV  
  25  2:50  SCV  
  27  2:57  Command Center  
  28  2:58  SCV  
  28  3:02  SCV  
  29  3:08  Starport  
  29  3:10  SCV  
  30  3:14  SCV  
  30  3:16  Hellion  
  30  3:19  Hellion  
  35  3:20  Barracks Tech Lab  
  35  3:22  SCV  
  35  3:26  SCV  
  37  3:29  Supply Depot  
  37  3:34  SCV  
  37  3:38  SCV  
  37  3:39  Hellion  
  41  3:47  SCV  
  42  3:50  SCV  
  42  3:51  Cloaking Field  
  42  3:52  Banshee  
  46  3:58  Barracks Tech Lab  
  46  3:59  SCV  
  46  4:02  Hellion x2, SCV  
  52  4:09  Orbital Command  
  52  4:11  SCV  
  52  4:14  SCV  
  52  4:16  Stimpack  
  54  4:17  Supply Depot, Marine  
  54  4:23  SCV, Hellion x2  
  60  4:25  Orbital Command  
  60  4:26  SCV  
  61  4:35  SCV, Marine  
  61  4:37  Banshee  
  66  4:39  Supply Depot, SCV  
  67  4:47  SCV  
  67  4:51  Supply Depot, SCV  
  67  4:52  Barracks, Refinery  
  69  4:53  Factory Reactor  
  69  4:54  Refinery  
  69  4:57  SCV, Barracks  
  69  4:59  SCV  
  71  5:03  Engineering Bay  
  71  5:09  Engineering Bay, SCV  
  72  5:15  Barracks, SCV  
  72  5:17  Barracks  
  72  5:21  SCV  
  74  5:25  SCV  
  74  5:27  SCV  
  76  5:29  Supply Depot  
  76  5:31  Supply Depot, Starport Reactor  
  76  5:33  SCV  
  77  5:37  SCV  
  77  5:38  Terran Infantry Armor Level 1, Terran Infantry Weapons Level 1  
  77  5:39  SCV  
  79  5:43  Bunker, Marine  
  79  5:44  Siege Tank, Marine x2  
  79  5:45  SCV  
  79  5:49  SCV  
  87  5:53  SCV  
  87  5:54  Supply Depot  
  87  5:56  Supply Depot, Marine x2  
  90  5:57  Supply Depot  
  90  5:58  Combat Shield  
  90  6:01  Marine x2  
  90  6:02  Marine  
  93  6:07  SCV  
  93  6:10  Barracks Reactor x2  
  94  6:11  SCV  
  94  6:13  Missile Turret  
  94  6:14  SCV, Marine x2  
  94  6:18  Siege Tank  
  101  6:19  SCV, Marine x3  
  101  6:24  Refinery  
  105  6:27  Supply Depot  
  105  6:29  Supply Depot, Medivac  
  105  6:32  Medivac, Marine x2  
  111  6:37  Marine x3  
  111  6:39  SCV x2  
  116  6:46  SCV  
  117  6:47  Marine x2  
  117  6:48  Marine x2  
  117  6:50  Marine x2  
  117  6:51  SCV  
  117  6:52  Supply Depot  
  117  6:53  Siege Tank  
  127  6:54  Supply Depot  
  127  6:55  Marine x3  
  130  7:05  Marine x2  
  130  7:06  Marine x2  
  130  7:07  Marine  
  130  7:08  Marine  
  136  7:13  Armory, Marine x3  
  136  7:15  Medivac  
  141  7:18  Supply Depot  
  141  7:22  Medivac  
  143  7:23  Marine x2  
  143  7:24  Marine x2  
  143  7:25  Siege Tank, Marine x2  
  152  7:30  Marine x2  
  152  7:31  Marine  
  155  7:40  Marine  
  155  7:41  Marine x2  
  155  7:42  Marine  
  155  7:43  Marine x2  
  155  7:45  Medivac  
  155  7:48  Marine x2  
  155  7:49  Marine  
  153  7:58  Marine x2  
  153  7:59  Marine  
  153  8:01  SCV x2  
  153  8:02  Marine x3  
  163  8:06  Siege Tank, Marine x3  
  163  8:09  Terran Infantry Armor Level 2, Terran Infantry Weapons Level 2  
  167  8:16  Marine  
  167  8:17  Command Center, Marine x2  
  170  8:20  Marine x2  
  170  8:23  Marine  
  173  8:33  Supply Depot  
  173  8:37  Supply Depot  
  173  8:50  Marine x3  
  169  8:57  Marine x3  
  169  8:58  Marine x3  
  153  9:05  SCV x3  
  153  9:08  Marine  
  153  9:09  Medivac x2  
  142  9:15  Marine  
  142  9:16  Marine  
  142  9:17  SCV x3  
  142  9:23  Marine  
  143  9:27  Siege Tank, Marine  
  143  9:29  SCV x3  
  143  9:30  Marine  
  143  9:31  Marine  
  152  9:33  Marine  
  152  9:36  Marine x3  
  156  9:39  Medivac x2  
  156  9:41  SCV x3, Marine  
  164  9:49  Marine x3  
  165  9:53  SCV x3  
  165  9:59  Siege Tank, Marine  
  170  10:05  SCV x3, Marine x2  
  170  10:06  Marine  
  176  10:09  Liberator  
  179  10:14  Liberator  
  179  10:15  Supply Depot  
  179  10:17  SCV x3  
  185  10:28  Marine  
  185  10:29  SCV  
  187  10:37  Siege Tank  
  172  10:44  Marine  
  172  10:45  Planetary Fortress  
  172  10:47  Marine  
  172  10:48  Command Center, Marine x3  
  172  10:49  Marine  
  161  11:05  Marine  
  161  11:09  Siege Tank  
  161  11:12  Barracks  
  161  11:13  Barracks  
  161  11:14  Ghost Academy, Barracks  
  161  11:16  Barracks Tech Lab  
  161  11:18  Barracks Tech Lab  
  159  11:19  Liberator x2  
  159  11:22  Marauder  
  159  11:23  Sensor Tower  
  166  11:29  Refinery  
  166  11:30  Refinery  
  166  11:32  Refinery  
  166  11:41  Siege Tank  
  166  11:44  Marauder  
  173  11:47  Marauder  
  159  11:56  Marine x2  
  159  11:57  Marauder, Marine  
  137  12:01  Orbital Command  
  137  12:04  Barracks Tech Lab  
  137  12:05  Marauder  
  132  12:08  Marauder  
  132  12:13  Siege Tank  
  132  12:14  Marine x6  
  132  12:15  Marine x2  
  117  12:18  Marauder  
  104  12:26  Concussive Shells, Marine  
  104  12:27  SCV x3  
  104  12:29  Marine  
  109  12:32  Marine x6  
  109  12:33  Medivac x2, Marine x2  
  121  12:39  SCV x3, Marine  
  121  12:44  Marine  
  125  12:46  Siege Tank  
  125  12:47  Sensor Tower, Marine  
  125  12:50  Marine x2  
  132  12:51  SCV x3, Marine  
  132  12:54  Factory  
  132  12:55  Marauder  
  138  13:02  Marine  
  138  13:03  SCV, Marauder  
  138  13:04  SCV x2  
  144  13:13  Marauder, Marine x5  
  144  13:14  Marauder  
  144  13:15  SCV  
  144  13:16  Marauder  
  144  13:17  Medivac  
  144  13:18  Medivac  
  160  13:24  Marauder  
  162  13:34  Ghost x2  
  166  13:44  Command Center  
  166  13:47  Viking  
  168  13:50  Marine  
  168  13:53  Siege Tank  
  168  13:55  Marine x7  
  170  14:00  Marine x2  
  139  14:03  Marine x2  
  139  14:07  Marine  
  131  14:13  Marine x3  
  134  14:25  Siege Tank  
  134  14:26  Ghost x3  
  143  14:32  Factory Tech Lab  
  143  14:44  Command Center  
Tags
 
Add a new tag
Caveats
  • Supply blocks, unpowered buildings, or Contaminate may cause inaccurate times.
  • Supply counts are checked every 10 seconds.